 Dungeon Crawl Stone Soup version 0.25-a0-35-g747a2b3c0c (webtiles) character file.

Game seed: 660386621593260229, levelgen mode: deterministic

10 Alarkh the Skirmisher (level 2, 13/24 HPs)
             Began as a Demonspawn Fighter on Oct 18, 2019.
             Got out of the dungeon alive.
             The game lasted 00:00:17 (375 turns).

Alarkh the Skirmisher (Demonspawn Fighter)           Turns: 375, Time: 00:00:18

Health: 13/24      AC:  6    Str: 16    XL:     2   Next: 10%
Magic:  2/2        EV:  6    Int:  9    God:
Gold:   0          SH:  8    Dex: 12    Spells: 1/1 levels left

rFire    . . .     SeeInvis .   a - +0 long sword
rCold    . . .     Gourm    .   c - +0 shield
rNeg     . . .     Faith    .   b - +0 scale mail
rPois    .         Spirit   .   (helmet restricted)
rElec    .         Reflect  .   (no cloak)
rCorr    .         Harm     .   (no gloves)
MR       .....                  (no boots)
Stlth    ..........             (no amulet)
HPRegen  0.08/turn              (no ring)
MPRegen  0.08/turn              (no ring)

@: no status effects
A: horns 1
a: no special abilities


You escaped.
You were not hungry.

You visited 1 branch of the dungeon, and saw 1 of its levels.

Inventory:

Hand Weapons
 a - a +0 long sword (weapon)
Armour
 b - a +0 scale mail (worn)
 c - a +0 shield (worn)
Scrolls
 h - a scroll of fog {unknown}
Potions
 d - a potion of might
 e - a potion of degeneration {unknown}
 i - a potion of cancellation {unknown}
Comestibles
 f - a ration


   Skills:
 + Level 3.1 Fighting
 + Level 1.9 Long Blades
 + Level 3.0 Armour
 + Level 2.8 Shields


You had one spell level left.
You didn't know any spells.
Your spell library was empty.

Dungeon Overview and Level Annotations

Branches:
Dungeon (1/15)

Altars:


Innate Abilities, Weirdness & Mutations

You have a pair of small horns on your head.


Message History

You are too injured to fight recklessly!
A dart slug is nearby!
You are too injured to fight recklessly!
A dart slug is nearby!
You are too injured to fight recklessly!
A dart slug is nearby!
You are too injured to fight recklessly!
A dart slug is nearby!
You are too injured to fight recklessly!
A dart slug is nearby!
You are too injured to fight recklessly!
You hit the dart slug.
You kill the dart slug!
You have reached level 2!
Your demonic ancestry asserts itself...
A pair of horns grows on your head!
There is a stone staircase leading down here.
There is a staircase leading out of the dungeon here.
Are you sure you want to leave the Dungeon?
This will make you lose the game!
You have escaped!

#.# #.#######(.### #....
#.###.##.......P.## ##.###
#......P.P..♣♣....## #.).##
#.#..#.......PP...... #..#÷.#
#.#....P.♣..P.....P.. #.###..
#......P..P...P.♣..P.....#...
#.#...............P♣.##....#.
#.##.P.♣.P.....P..♣. ##..##.
#....♣......@....... #.....
####.PP..P.....P.P♣.# #.#.##
#...P............# #.#.#
#.P♣...P...P..♣P.# #.#.##
#..♣.....P.......####.....
#.#.♣..P♣.....P.......#.##
##.##............#####.#.#
##...##..♣..P...#.#####.#.#
#......)..(..........##.#.#


There were no monsters in sight!

Vanquished Creatures
  A dart slug (D:1)
  A hobgoblin (D:1)
  3 jackals (D:1)
  3 kobolds (D:1)
8 creatures vanquished.

Notes
Turn   | Place    | Note
-------+----------+-------------------------------------------
     0 | D:1      | Alarkh the Demonspawn Fighter began the quest for the Orb.
     0 | D:1      | Reached XP level 1. HP: 18/18 MP: 1/1
   356 | D:1      | Gained mutation: You have a pair of small horns on your
                  | head. [demonic ancestry]
   356 | D:1      | Reached XP level 2. HP: 11/24 MP: 2/2
   375 | D:$      | Got out of the dungeon alive.

Levels and vault maps discovered:
D:1:      wander_arrival_fairy_ring, layout_loops_corners,
          nicolae_ashenzari_panopticon

Skill      XL: |  1 |
---------------+----+-----
Armour         | 3 |  3.0
Fighting       | |  3.1
Long Blades    | |  1.9
Shields        | |  2.8

Action                   || total
-------------------------++-------
Melee: Long sword        ||    26
Armor: Scale mail        ||    21
Dodge: Dodged            ||     9
Block: Shield            ||    14
       Rpst.: Long sword ||     3

Table legend:
 A = Non-vault XP
 B = Vault XP
 C = Vault XP percentage of total XP
 D = Non-vault monster count
 E = Vault monster count
 F = Vault count percentage of total count
                 A         B        C        D         E       F
            +---------+---------+-------+---------+---------+-------
      Total |      15 |       0 |   0.0 |       8 |       0 |   0.0
            +---------+---------+-------+---------+---------+-------
        D:1 |      15 |       0 |   0.0 |       8 |       0 |   0.0
            +---------+---------+-------+---------+---------+-------
